[Event "Czech Extraliga 2024-25"]
[Site "Czechia"]
[Date "2024.11.02"]
[Round "1.2"]
[White "Havelka, Josef"]
[Black "Blohberger, Felix"]
[Result "1/2-1/2"]
[ECO "C56"]
[WhiteElo "2365"]
[BlackElo "2536"]
[Annotator "TA"]
[PlyCount "86"]
[EventDate "2024.09.12"]
[EventType "team-tourn"]
[EventCountry "CZE"]
[SourceTitle "playchess.com"]
[Source "ChessBase"]
[SourceQuality "1"]
[TimeControl "40/5400+30:1800+30"]

1. e4 e5 2. Nf3 Nc6 3. Bc4 Nf6 4. d4 exd4 5. e5 d5 6. Bb5 Nd7 7. O-O Be7 8. Re1 O-O 9. Bxc6 bxc6 10. Nxd4 Nb8 11. Nc3 c5 12. Ndb5 Be6 13. Ne2 Nc6 14. Nf4 Rb8 15. Nc3 Nd4 16. Nxe6 fxe6 17. Na4 Qe8 18. c3 Nf5 19. b3 c4 20. bxc4 dxc4 {[%emt 0:00:49] aiming for ...Nh4.} 21. Nb2 {[%emt 0:06:08] [#]} (21. Qc2 $1 $15) 21... Bc5 $1 $17 {[%emt 0:22:24] ...Nh4 would now be deadly.} 22. Re2 Qc6 23. Qf1 Rf7 24. Nxc4 Rbf8 25. Ne3 $1 Bb6 {[%emt 0:05:39][%mdl 1024] Black has compensation.} 26. Nd1 h6 27. a4 a5 28. Rb2 Rd8 29. Rd2 Rxd2 30. Bxd2 Qd5 (30... Rd7 $17 31. Be1 Qe4) 31. Be1 ({White should try} 31. Qe2 $15) 31... Qxe5 (31... Nh4 $1 $17 {[%cal Of7f5] Threatens to win with ...Rf5!} 32. c4 Qxe5) 32. Nb2 $15 Ne3 {[%emt 0:00:35] Prevents Nc4} 33. Nc4 $1 (33. fxe3 $2 {perishes.} Rxf1+ 34. Kxf1 Qxe3 $19 (34... Bxe3 $2 35. Nd1 $19)) ({But not} 33. Qe2 $2 Qe4 34. fxe3 Bxe3+ $19 (34... Qxe3+ 35. Qxe3 Bxe3+ 36. Bf2 $19) (34... Qxe3+ $2 35. Qxe3 Bxe3+ 36. Bf2 $19)) 33... Nxc4 34. Qxc4 Rf4 {[%emt 0:00:28] Prevents g3} 35. Qb5 Qd5 36. Kf1 (36. Qxd5 {simplifies} exd5 37. Kf1 Kf7 38. f3) 36... Kf7 (36... g5 {simplifies} 37. h3 Kf7 38. Qxd5 exd5 39. f3 Rc4) 37. Qe2 Qc6 38. Qh5+ Kg8 39. Qb5 Qd5 40. Rc1 {[%emt 0:00:57] [#]} (40. h3 $11) 40... Rc4 ({Black should play} 40... Qa2 $1 $17 {[%cal Rf4f2] ( -> ...Rxf2+)} 41. f3 Qxa4 (41... Rxa4 42. c4 $11)) 41. Rd1 $11 {[%emt 0:06:35] The position is equal.} Qxb5 42. axb5 Rc5 43. Rb1 a4 {[%emt 0:00:24] Weighted Error Value: White=0.15 (very precise) /Black=0.14 (very precise) .  Mistake:       	White=3     	Black=3      Inaccurate:     	White=5     	Black=6      OK:         	White=8     	Black=13     Best:        	White=3     	Black=1      Strong:       	White=2     	Black=1} 1/2-1/2

[Event "Czech Extraliga 2024-25"]
[Site "Czechia"]
[Date "2024.11.02"]
[Round "1.2"]
[White "Smolik, Jachym"]
[Black "L'Ami, Erwin"]
[Result "0-1"]
[ECO "D35"]
[WhiteElo "2278"]
[BlackElo "2614"]
[Annotator "ChessBase"]
[PlyCount "128"]
[EventDate "2024.09.12"]
[EventType "team-tourn"]
[EventCountry "CZE"]
[SourceTitle "playchess.com"]
[Source "ChessBase"]
[SourceQuality "1"]
[TimeControl "40/5400+30:1800+30"]

1. c4 e6 2. Nc3 d5 3. d4 Nf6 4. cxd5 exd5 5. Bg5 c6 6. e3 Bf5 7. Qf3 Bg6 8. Bxf6 Qxf6 9. Qxf6 gxf6 10. Nf3 Nd7 11. Nh4 Bb4 12. a3 Bxc3+ 13. bxc3 b5 14. a4 bxa4 15. Nxg6 fxg6 16. Rxa4 a5 17. Bd3 Nb6 18. Ra2 Kd7 19. h4 a4 20. Ke2 f5 21. h5 Rhe8 22. Kf3 Ke6 23. g4 fxg4+ 24. Kxg4 Kf6 25. hxg6 hxg6 26. Rh6 Rg8 27. f4 Nc8 28. f5 Ne7 29. fxg6 a3 30. Bb1 Rab8 31. Rf2+ Ke6 32. Bd3 Ra8 33. Ra2 Kf6 34. e4 dxe4 35. Bxe4 Ra5 36. Rf2+ Ke6 37. Rh5 Nd5 38. Re5+ Kd6 39. Bxd5 cxd5 40. Rf6+ Kd7 41. Re1 a2 42. Ra1 Ra3 43. Kf4 Re8 44. Rf5 Kc6 45. Re5 Rf8+ 46. Kg5 Rf2 47. Kh6 Ra7 48. Rg5 Rh2+ 49. Rh5 Rb2 50. Rhh1 Rg2 51. Rhf1 Kb5 52. Rf7 Ra6 53. Kh7 Rh2+ 54. Kg7 Kc4 55. Rc7+ Kd3 56. Kf7 Rf2+ 57. Kg7 Kc2 58. Rb7 Kxc3 59. Rf7 Rg2 60. Rf6 Rxf6 61. Kxf6 Kb2 62. Rd1 a1=Q 63. Rxa1 Kxa1 64. Ke5 Rg5+ 0-1

[Event "Czech Extraliga 2024-25"]
[Site "Czechia"]
[Date "2024.11.02"]
[Round "1.3"]
[White "Anton Guijarro, David"]
[Black "Kempinski, Robert"]
[Result "1-0"]
[ECO "B32"]
[WhiteElo "2671"]
[BlackElo "2560"]
[Annotator "TA"]
[PlyCount "129"]
[EventDate "2024.09.12"]
[EventType "team-tourn"]
[EventCountry "CZE"]
[SourceTitle "playchess.com"]
[Source "ChessBase"]
[SourceQuality "1"]
[TimeControl "40/5400+30:1800+30"]

1. e4 c5 2. Nf3 Nc6 3. d4 cxd4 4. Nxd4 e5 5. Nb5 d6 6. c4 g6 7. N1c3 a6 8. Na3 Nf6 9. Be2 Be6 10. Nc2 Bg7 11. Be3 Rc8 12. Qd2 O-O 13. Rd1 Qa5 14. f3 Nh5 15. g3 Rcd8 16. O-O f5 17. b4 Qc7 18. Nd5 Qf7 19. Bb6 Rd7 20. a4 Nf6 21. b5 axb5 22. axb5 Ne7 23. Nce3 Kh8 24. Qd3 Nh5 25. Ng2 Nf6 26. Nge3 Nh5 27. Ng2 Nf6 28. Be3 Rdd8 29. Bg5 Bxd5 30. cxd5 Nd7 31. Be3 Rc8 32. Rc1 b6 33. Rc6 Nxc6 34. dxc6 Nc5 35. Bxc5 dxc5 36. Ne3 $1 fxe4 (36... Ra8 $14) 37. fxe4 Qa2 (37... Qa7 $16 {was called for.}) 38. Bg4 $2 (38. Nd5 $18) 38... Rxf1+ 39. Qxf1 Rf8 40. c7 $1 Qd2 $1 (40... Rxf1+ $2 41. Nxf1 Qg8 42. c8=Q $18 (42. c8=B $2 Qc4 $19)) 41. Nd1 (41. c8=R $2 Qxe3+ 42. Kg2 Qxe4+ 43. Kh3 Rxc8 44. Bxc8 Qd5 $19) (41. Nd5 $5 Qd4+ (41... Rxf1+ $2 42. Kxf1 h5 43. c8=Q+ $18) 42. Kg2 Qxe4+ (42... Rxf1 $2 43. Kxf1 h5 44. c8=Q+ $18) 43. Bf3 $16) 41... Qd4+ $1 (41... Rxf1+ $2 42. Kxf1 Qd3+ (42... Qxh2 43. c8=Q+) 43. Kg2 Qxe4+ 44. Bf3 $18 (44. Kh3 h5 $17)) 42. Nf2 c4 43. c8=Q (43. c8=B $2 c3 44. Bd1 Rxc8 $19) 43... Rxc8 44. Bxc8 c3 45. Be6 c2 46. Bb3 (46. Qc1 $5 Qc3 $8 47. Kg2 $11) 46... Qc3 47. Bxc2 $1 Qxc2 48. Qa1 Qc5 49. Qa8+ Bf8 50. Kg2 Kg8 51. Qd5+ Kg7 $1 52. Qd7+ Qe7 53. Qc6 Qd6 54. Qb7+ Be7 55. Ng4 Kf8 {[%emt 0:02:04] [#]} (55... Qd2+ $11 56. Kf3 Qd1+ 57. Ke3 Qb3+ 58. Kf2 Qb2+ 59. Kg1 Kf8 60. Qa8+ (60. Qxb6 Qb1+ 61. Kg2 Qxe4+ 62. Kh3 Qf5 $17) 60... Kg7) 56. Qd5 $1 $16 Qxd5 (56... Qc5 $16 {is a better defense.}) 57. exd5 $18 Bd6 (57... e4 $142) 58. Kf3 h5 $2 {[%emt 0:00:03] [#]} (58... e4+ 59. Kxe4 Ke7) 59. Ne3 $1 $18 Ke7 (59... e4+ $142 60. Kxe4 Ke7) 60. Ke4 $18 Kf6 61. Nc4 Bc7 62. h3 Bd8 63. g4 (63. Nxe5 $142 Bc7 64. g4 hxg4 65. hxg4 (65. Nxg4+ Kg5 $18)) 63... hxg4 64. hxg4 (64. Nxe5 $2 gxh3 65. Ng4+ Ke7 $19) 64... Bc7 65. Nxe5 (65. d6 Bd8 66. Nxe5 (66. Kd5 e4 $18) 66... Ke6) 1-0

[Event "Czech Extraliga 2024-25"]
[Site "Czechia"]
[Date "2024.11.02"]
[Round "1.3"]
[White "Hracek, Zbynek"]
[Black "Vykouk, Jan"]
[Result "1-0"]
[ECO "B72"]
[WhiteElo "2541"]
[BlackElo "2473"]
[Annotator "TA"]
[PlyCount "75"]
[EventDate "2024.09.12"]
[EventType "team-tourn"]
[EventCountry "CZE"]
[SourceTitle "playchess.com"]
[Source "ChessBase"]
[SourceQuality "1"]
[TimeControl "40/5400+30:1800+30"]

1. e4 c5 2. Nf3 d6 3. d4 cxd4 4. Nxd4 Nf6 5. Nc3 Nc6 6. Be2 g6 7. Be3 Bg7 8. Qd2 O-O 9. O-O-O Ng4 10. Bxg4 Bxg4 11. f3 Bd7 12. Kb1 Rc8 13. Nxc6 Rxc6 14. Bd4 {[%emt 0:00:26] White is slightly better.} (14. Bxa7 $2 Bxc3 15. bxc3 b6 $19) 14... Bxd4 15. Qxd4 Be6 16. Nd5 Bxd5 17. exd5 Rb6 18. Rhe1 Qd7 19. Re3 Ra6 20. Rde1 {[%emt 0:08:25] White has more active pieces.} Re8 21. b3 e5 22. dxe6 Rxe6 23. h4 d5 24. Re5 Rab6 25. Kb2 $40 {[%emt 0:10:17][%cal Oh4h5][%mdl 128] White has strong attack.} (25. Qxd5 $2 {is the wrong capture.} Qxd5 26. Rxd5 Rxe1+ $19) 25... a6 (25... Qe7 $16) 26. Rxd5 $18 (26. Qxd5 $2 {perishes.} Qxd5 27. Rxd5 Rxe1 $19) 26... Rbd6 27. Ree5 Qd8 28. h5 {[%emt 0:05:20] And now h6 would win.} Rxd5 (28... h6 {was worth a try.} 29. hxg6 Rxg6) 29. Rxd5 Qf6 30. Qxf6 Rxf6 {[%emt 0:00:03][%mdl 4096] Endgame. [#] KR-KR} 31. h6 Kf8 32. Rd8+ Ke7 33. Rh8 Rd6 34. Rxh7 Rd8 (34... Rd2 $142 35. g4 Rf2) 35. f4 {[%emt 0:06:08] White is clearly winning.} ({Not} 35. Rg7 Kf8 $16) 35... Kf6 36. g4 Rd4 37. Rh8 Rxf4 38. Rg8 {[%emt 0:00:14] Weighted Error Value: White=0.06 (flawless) /Black=0.37.  Mistake:       	---       	Black=3      Inaccurate:     	White=1     	Black=6      OK:         	White=12    	Black=6      Best:        	White=3     	Black=1} 1-0

[Event "Czech Extraliga 2024-25"]
[Site "Czechia"]
[Date "2024.11.02"]
[Round "1.3"]
[White "Krejci, Jan"]
[Black "Miesbauer, Jan"]
[Result "1/2-1/2"]
[ECO "D53"]
[WhiteElo "2526"]
[BlackElo "2402"]
[Annotator "TA"]
[PlyCount "57"]
[EventDate "2024.09.12"]
[EventType "team-tourn"]
[EventCountry "CZE"]
[SourceTitle "playchess.com"]
[Source "ChessBase"]
[SourceQuality "1"]
[TimeControl "40/5400+30:1800+30"]

1. c4 e6 2. Nc3 d5 3. d4 Nf6 4. Bg5 Be7 5. e3 Nbd7 6. Nf3 dxc4 7. Bxc4 a6 8. a4 c5 9. O-O O-O 10. e4 cxd4 11. Qxd4 Bc5 (11... h6 $11 {feels stronger.} 12. Bh4 Qb6) 12. Qd2 $14 {[%emt 0:08:50] White is much more active. The black rooks are passive.} Qc7 {[%emt 0:02:33] Prevents e5.} 13. Bxf6 (13. Rac1 $14) 13... gxf6 14. Ba2 b6 15. Rfd1 (15. Qh6 $142) 15... Ne5 $11 16. Nxe5 Qxe5 17. Kh1 (17. Qh6 {looks sharper.} Qg5 18. Qh3 Qf4 19. Rd3) 17... Bb7 18. f4 Qh5 19. Qd7 Rab8 20. Rd3 Kh8 {[%emt 0:14:31] Threatens to win with ...Rg8.} 21. Rf1 $2 {[%emt 0:01:46] [#]} (21. Rad1 $11 {and White has nothing to worry.}) 21... f5 $2 (21... Rbd8 $2 22. Qxd8 Rxd8 23. Rxd8+ Kg7 24. Rf3 $18) (21... Rg8 $1 $19 {[%cal Ob7e4] ...Bxe4! is the strong threat.} 22. Bc4 Qg6) 22. Rh3 (22. b4 $1 $14 Bxe4 (22... Bxb4 $2 {loses.} 23. Qd4+ f6 24. Qxb4 $18) (22... fxe4 23. Rh3 $16) 23. bxc5 Bxd3 24. Qxd3 bxc5 25. Bc4 (25. Qxa6 Rg8 $14)) 22... Qg6 {[%emt 0:09:12] aiming for ...Rg8.} 23. Rg3 $1 Rfd8 24. Qc7 Qf6 25. Bb1 (25. exf5 $1 $11 Bd6 (25... Qxf5 26. Bb1 $11) 26. Qc4) 25... Rdc8 26. Qd7 Rd8 27. Qc7 Rdc8 28. Qd7 Rd8 29. Qc7 {[%emt 0:00:05] Weighted Error Value: White=0.30/Black=0.24 (precise) .  Loses game:     	White=1     	---        Missed win:     	---       	Black=1      Mistake:       	White=4     	Black=1      Inaccurate:     	White=1     	Black=2      OK:         	White=8     	Black=7      Best:        	White=3     	Black=1      Strong:       	White=1     	---} 1/2-1/2

[Event "Czech Extraliga 2024-25"]
[Site "Czechia"]
[Date "2024.11.02"]
[Round "1.3"]
[White "Haring, Filip"]
[Black "Bernadskiy, Vitaliy"]
[Result "0-1"]
[ECO "C54"]
[WhiteElo "2483"]
[BlackElo "2543"]
[Annotator "TA"]
[PlyCount "66"]
[EventDate "2024.09.12"]
[EventType "team-tourn"]
[EventCountry "CZE"]
[SourceTitle "playchess.com"]
[Source "ChessBase"]
[SourceQuality "1"]
[TimeControl "40/5400+30:1800+30"]

1. e4 e5 2. Nf3 Nc6 3. Bc4 Bc5 4. c3 Nf6 5. d3 d6 6. O-O O-O 7. Nbd2 Bb6 8. h3 Ne7 9. Re1 Ng6 10. Nf1 {[%emt 0:00:35] The position is equal.} c6 11. Bb3 d5 12. Ng3 dxe4 13. dxe4 Qxd1 14. Rxd1 a5 15. a4 h6 {[%emt 0:03:11] Against Bg5} 16. Nd2 Rd8 17. Nc4 Rxd1+ 18. Bxd1 Bc7 19. Be3 Be6 20. Be2 Nf4 21. Bf1 h5 22. f3 Rd8 23. b4 ({White should try} 23. h4 $11) 23... axb4 $15 24. cxb4 Nd3 25. Na5 {[%emt 0:01:40] Loses the game.} (25. Nb6 $15) 25... Nxb4 $19 26. Nxb7 Rb8 27. Bc5 (27. Nc5 {was the only defense.} Nc2 28. Na6 (28. Nxe6 $2 fxe6 29. Ba7 Nxa1 $19) 28... Nxa1 29. Nxc7) 27... Rxb7 28. a5 Nc2 29. Rc1 {[%emt 0:00:53] [#] aiming for a6.} Nd4 30. a6 Rb8 {[%emt 0:00:24][%cal Bb7b8,Bb8a8,Ba8a7][%mdl 32] White must now prevent ...Nb3.} 31. a7 Ra8 {[%emt 0:00:07] ...Nb3 would now be deadly. Black is winning.} 32. Ba6 Nb3 {[%emt 0:00:10][%cal Ob3c5] [#] ...Nxc5! is the strong threat.} 33. Bb7 Rxa7 {[%emt 0:00:12] Weighted Error Value: White=0.28 (precise) /Black=0.02 (flawless) .  Loses game:     	White=1     	---        Mistake:       	White=2     	---        OK:         	White=12    	Black=17     Best:        	---       	Black=3} 0-1

[Event "Czech Extraliga 2024-25"]
[Site "Czechia"]
[Date "2024.11.02"]
[Round "1.3"]
[White "Bouska, Jiri"]
[Black "Neuman, Petr"]
[Result "0-1"]
[ECO "B33"]
[WhiteElo "2227"]
[BlackElo "2426"]
[Annotator "TA"]
[PlyCount "64"]
[EventDate "2024.09.12"]
[EventType "team-tourn"]
[EventCountry "CZE"]
[SourceTitle "playchess.com"]
[Source "ChessBase"]
[SourceQuality "1"]
[TimeControl "40/5400+30:1800+30"]

1. e4 c5 2. Nf3 Nc6 3. d4 cxd4 4. Nxd4 Nf6 5. Nc3 e5 6. Ndb5 d6 7. Nd5 Nxd5 8. exd5 Nb8 9. c4 Be7 10. Bd3 O-O 11. O-O a6 12. Nc3 f5 13. f3 Nd7 14. Kh1 Bg5 15. Qc2 Bxc1 16. Raxc1 {[%emt 0:02:22] The position is equal.} Qg5 17. b4 e4 18. Be2 ({White should play} 18. fxe4 $16 f4 19. c5) 18... exf3 $11 19. Bxf3 Ne5 20. c5 Bd7 21. c6 ({Don't play} 21. cxd6 Rac8 $15) 21... Nxf3 $40 {[%emt 0:05:28][%mdl 128] White needs to defend precisely.} 22. cxb7 (22. cxd7 $11 {remains equal.} Ne5 23. Ne2) 22... Rab8 $17 23. Rxf3 Rxb7 24. a3 Rc7 {[%emt 0:03:31] Black is more active.} 25. Rg3 (25. h3 $17) 25... Qh6 {[%emt 0:03:13] ...f4 would now be deadly.} 26. Qb2 $2 {[%emt 0:09:20] White does not recover from this.} (26. Rf3 $17 {was worth a try.}) 26... f4 $19 27. Rd3 Bf5 28. Rdd1 {[%emt 0:02:35] [#]} (28. Rf3 Bg4 29. Rf2) 28... f3 $1 {[%emt 0:03:32][%mdl 512] Strongly threatening ...Bg4. Black is clearly winning.} 29. Qf2 (29. Rf1 fxg2+) 29... fxg2+ 30. Qxg2 Qe3 31. Rg1 Bg6 ({Stronger than} 31... Rxc3 32. Qxg7#) 32. Qg3 {[%emt 0:01:16] [#]} Rxc3 $1 {[%emt 0:00:35][%mdl 512] Weighted Error Value: White=0.99/Black=0.34.  Loses game:     	White=1     	---        Mistake:       	White=4     	Black=1      Inaccurate:     	White=2     	---        OK:         	White=3     	Black=5      Best:        	---       	Black=4} 0-1

[Event "Czech Extraliga 2024-25"]
[Site "Czechia"]
[Date "2024.11.02"]
[Round "1.4"]
[White "Jaracz, Pawel"]
[Black "Ludvik, Tomas"]
[Result "1/2-1/2"]
[ECO "C08"]
[WhiteElo "2473"]
[BlackElo "2197"]
[Annotator "TA"]
[PlyCount "47"]
[EventDate "2024.09.12"]
[EventType "team-tourn"]
[EventCountry "CZE"]
[SourceTitle "playchess.com"]
[Source "ChessBase"]
[SourceQuality "1"]
[TimeControl "40/5400+30:1800+30"]

1. e4 e6 2. d4 d5 3. Nd2 a6 4. Ngf3 c5 5. exd5 exd5 6. dxc5 Bxc5 7. Bd3 Nf6 8. O-O O-O 9. Nb3 Bb6 10. c3 Re8 11. Nfd4 Bg4 12. Qc2 Bh5 13. Bg5 {[%emt 0:01:44][%cal Od3h7] Strongly threatening Bxh7+!} Bg6 14. Rad1 Nbd7 {[%emt 0:02:24][%cal Bb8d7,Bd7e5,Be5c4][%mdl 32] The position is equal.} 15. Bxg6 hxg6 16. g3 Ne5 17. Kg2 Qd7 18. Rfe1 Ne4 19. Bf4 {[%emt 0:03:40] [#] Hoping for Bxe5.} Nc4 20. f3 Nf6 21. Nc1 Rxe1 22. Rxe1 Bxd4 23. cxd4 Rc8 24. Qb3 {[%emt 0:00:00] Prevents Ne3+. An uneventful encounter.   Weighted Error Value: White=0.07 (flawless) /Black=0.02 (flawless) .  OK:         	White=9     	Black=10} 1/2-1/2

[Event "Czech Extraliga 2024-25"]
[Site "Czechia"]
[Date "2024.11.02"]
[Round "1.4"]
[White "Petr, Martin"]
[Black "Dragnev, Valentin"]
[Result "1/2-1/2"]
[ECO "A04"]
[WhiteElo "2468"]
[BlackElo "2566"]
[Annotator "TA"]
[PlyCount "119"]
[EventDate "2024.09.12"]
[EventType "team-tourn"]
[EventCountry "CZE"]
[SourceTitle "playchess.com"]
[Source "ChessBase"]
[SourceQuality "1"]
[TimeControl "40/5400+30:1800+30"]

1. Nf3 Nf6 2. g3 c5 3. Bg2 Nc6 4. d4 cxd4 5. Nxd4 e5 6. Nxc6 dxc6 7. Qxd8+ Kxd8 8. Nd2 Bc5 9. Nc4 Re8 10. Be3 Bf8 11. Bg5 Kc7 12. Bxf6 gxf6 13. Ne3 e4 14. g4 Bc5 15. h3 {[%emt 0:01:43] [#]} h5 $1 16. Nf5 (16. gxh5 f5) 16... Rg8 (16... Bxf5 $17 17. gxf5 Re5) 17. Bxe4 $11 hxg4 18. hxg4 Rxg4 19. Bd3 Be6 20. Ne3 Rf4 21. Nd1 Rg8 22. e3 Rfg4 23. Ke2 (23. Nc3 $1 $11) 23... Be7 (23... f5 $15 24. Rh5 R8g5 25. Rxg5 Rxg5) 24. e4 Bc5 25. Ne3 {[%emt 0:00:21] Inhibits f5.} R4g5 26. a3 a5 27. a4 Bd4 {[%emt 0:00:53] A strong pair of Bishops.} 28. c3 Bc5 29. Rh7 Rg1 30. Rxg1 Rxg1 31. Bc4 Kb6 (31... Kc8 $11) 32. Bxe6 $14 fxe6 {[%emt 0:00:01][%mdl 4096] Endgame. KRB-KRN} 33. Rf7 Rg6 34. Nc2 Rg4 35. f3 ({Much weaker is} 35. Rxf6 $6 Rxe4+ 36. Kd3 Rxa4 $11) 35... Rg6 36. Kd3 e5 {[%emt 0:00:33] [#]} ({Black should play} 36... Bg1) 37. b4 (37. Kc4 $142 $1) 37... axb4 $16 38. cxb4 Bg1 39. Na3 {[%emt 0:00:20] White is more active.} Ka6 40. Nc4 (40. Kc4 $14) 40... b5 $11 {[%emt 0:00:26] The position is equal.} 41. axb5+ Kxb5 42. Rb7+ Ka4 43. Rc7 Kb5 44. Nd6+ Kxb4 45. Rxc6 Rg3 46. Ke2 Rg2+ 47. Kf1 Rg6 48. Ne8 Bc5 49. Rxf6 Rg1+ 50. Ke2 Kc3 51. f4 Rg2+ 52. Kf3 Rf2+ 53. Kg3 exf4+ 54. Rxf4 Rxf4 55. Kxf4 {[%emt 0:00:00] KB-KN} Bg1 56. Kf5 Bd4 57. Nd6 {[%emt 0:00:00] Nb5+ would kill now.} Kd3 58. Nf7 Ba1 59. Ne5+ Ke3 60. Nc4+ {[%emt 0:00:00] Weighted Error Value: White=0.11 (very precise) /Black=0.12 (very precise) .  Mistake:       	White=3     	Black=4      Inaccurate:     	White=5     	Black=4      OK:         	White=19    	Black=20     Best:        	White=2     	Black=4} 1/2-1/2

[Event "Czech Extraliga 2024-25"]
[Site "Czechia"]
[Date "2024.11.02"]
[Round "1.4"]
[White "Plat, Vojtech"]
[Black "Neugebauer, Martin"]
[Result "1/2-1/2"]
[ECO "B22"]
[WhiteElo "2464"]
[BlackElo "2525"]
[Annotator "RC"]
[PlyCount "74"]
[EventDate "2024.09.12"]
[EventType "team-tourn"]
[EventCountry "CZE"]
[SourceTitle "playchess.com"]
[Source "ChessBase"]
[SourceQuality "1"]
[TimeControl "40/5400+30:1800+30"]

1. e4 c5 2. c3 Nf6 3. e5 Nd5 4. Nf3 Nc6 5. Bc4 Nb6 6. Bb3 c4 7. Bc2 d6 8. exd6 Qxd6 9. O-O Bg4 10. h3 Bh5 11. Re1 O-O-O 12. Na3 Qf6 13. Be4 Ne5 14. g4 Nxf3+ 15. Qxf3 Qxf3 16. Bxf3 Bg6 17. b3 e6 18. Nxc4 Nxc4 19. bxc4 Bd3 20. Be2 Bc5 21. a4 Bxe2 22. Rxe2 Rd3 23. Kg2 Rhd8 24. Re5 b6 25. a5 Kb7 26. Ba3 Bxa3 27. Rxa3 Rc8 28. axb6 axb6 29. Rb5 Rxc4 30. Rb2 Rc7 31. Rba2 Rcd7 32. Ra7+ Kc6 33. Rxd7 Rxd7 34. f3 Rd5 35. Kf2 Ra5 36. Rb2 g5 37. Rb4 Ra1 1/2-1/2

[Event "Czech Extraliga 2024-25"]
[Site "Czechia"]
[Date "2024.11.02"]
[Round "1.4"]
[White "Stalmach, Richard"]
[Black "Cernousek, Lukas"]
[Result "1-0"]
[ECO "D20"]
[WhiteElo "2444"]
[BlackElo "2445"]
[Annotator "RC"]
[PlyCount "103"]
[EventDate "2024.09.12"]
[EventType "team-tourn"]
[EventCountry "CZE"]
[SourceTitle "playchess.com"]
[Source "ChessBase"]
[SourceQuality "1"]
[TimeControl "40/5400+30:1800+30"]

1. d4 d5 2. c4 dxc4 3. e4 b5 4. a4 c6 5. axb5 cxb5 6. Nc3 Qb6 7. b3 e6 8. bxc4 Bb4 9. Bd2 bxc4 10. Bxc4 Ne7 11. Nge2 O-O 12. O-O a5 13. Na4 Qc6 14. d5 Qxc4 15. Nb6 Qxe4 16. Bxb4 Qxb4 17. Nxa8 Qb7 18. d6 Nd5 19. Nc7 Nxc7 20. Rb1 Qa7 21. dxc7 Qxc7 22. Qd4 Ba6 23. Rfc1 Nc6 24. Qe4 Bxe2 25. Qxe2 Qe5 26. Qxe5 Nxe5 27. Rc5 Nd3 28. Rxa5 Nf4 29. Rba1 g6 30. Ra8 Rxa8 31. Rxa8+ Kg7 32. g3 Nd5 33. Kg2 h5 34. h4 Kf6 35. Ra7 e5 36. Kf3 Ke6 37. Ke4 Nc3+ 38. Kd3 Nb5 39. Ra6+ Kf5 40. Kc4 Nd4 41. Kd5 Nf3 42. Ra3 Nh2 43. Kd6 f6 44. Ke7 g5 45. Ra6 gxh4 46. gxh4 Kg4 47. Kxf6 Kxh4 48. Kf5 Kh3 49. Rg6 h4 50. Ke4 Ng4 51. f3 Nh2 52. Rg1 1-0

[Event "Czech Extraliga 2024-25"]
[Site "Czechia"]
[Date "2024.11.02"]
[Round "1.4"]
[White "Cvek, Robert"]
[Black "Ragger, Markus"]
[Result "1/2-1/2"]
[ECO "A34"]
[WhiteElo "2437"]
[BlackElo "2579"]
[Annotator "RC"]
[PlyCount "53"]
[EventDate "2024.09.12"]
[EventType "team-tourn"]
[EventCountry "CZE"]
[SourceTitle "playchess.com"]
[Source "ChessBase"]
[SourceQuality "1"]
[TimeControl "40/5400+30:1800+30"]

1. Nf3 Nf6 2. c4 c5 3. Nc3 d5 4. cxd5 Nxd5 5. d4 Nxc3 6. bxc3 g6 7. e3 Bg7 8. Be2 O-O 9. O-O b6 10. a4 Nc6 11. Ba3 cxd4 12. cxd4 Bb7 13. Rc1 Qd7 14. Bb5 a6 15. Be2 Na5 16. Rb1 Bc6 17. Ne5 Bxe5 18. dxe5 Qxd1 19. Bxd1 Nc4 20. Bxe7 Rfe8 21. Bd6 b5 22. Rc1 Bd7 23. Bf3 Ra7 24. Bc5 Rc7 25. Bd6 Ra7 26. Bc5 Rc7 27. Bd6 1/2-1/2